 Dungeon Sprint DCSS version 0.19.1 (webtiles) character file.

151598 equalderp2856 the Sabretooth (level 13, -24/61 HPs)
             Began as a Felid Fighter on Dec 14, 2016.
             Was an Initiate of Gozag.
             Killed from afar by an orb of fire (65 damage)
             ... with a bolt of fire
             ... in the Dungeon (Sprint IX: "|||||||||||||||||||||||||||||").
             The game lasted 01:06:36 (15912 turns).

equalderp2856 the Sabretooth (Felid Fighter)       Turns: 15912, Time: 01:06:37

Health: -24/61     AC:  3    Str: 12    XL:     13   Next: 91%
Magic:  27/27      EV: 41    Int: 10    God:    Gozag
Gold:   6018       SH:  0    Dex: 18    Spells: 2 memorised, 27 levels left
                                        Lives:  0   Deaths: 4

rFire  . . .     SeeInvis +       - Unarmed
rCold  + . .     Gourm    .     (armour unavailable)
rNeg   . . .     Faith    .     (shield unavailable)
rPois  +         Spirit   .     (helmet unavailable)
rElec  .         Reflect  .     (cloak unavailable)
rCorr  .         Harm     .     (gloves unavailable)
MR     +....     NoTele   +     (boots unavailable)
Stlth  +++++++++.               (no amulet)
                                A - ring of poison resistance
                                C - +5 ring of evasion

@: gold aura, bribing [the Dungeon], quick
A: no armour, no weapons or thrown items, stealth, claws 1, fangs 3, see
invisible, carnivore 3, speed 1, shaggy fur 3, slow metabolism 1, weak 1, sharp
paws
a: Potion Petition, Call Merchant, Bribe Branch, Renounce Religion
}: 6/15 runes: decaying, serpentine, barnacled, elven, silver, gossamer


You were in the Dungeon.
You worshipped Gozag.
Gozag was greatly pleased with you.
You were not hungry.

You visited 1 branch You collected 35604 gold pieces.
You spent 1448 gold pieces at shops.
You paid 28138 gold pieces to Gozag.

Inventory:

Jewellery
 m - a +2 ring of evasion
 n - a +2 ring of evasion
 w - an uncursed ring of protection from magic
 x - an uncursed ring of protection from fire
 y - an uncursed ring of protection from cold
 A - a ring of poison resistance (right paw)
 B - a +6 ring of intelligence
 C - a +5 ring of evasion (left paw)
 D - a +6 ring of strength
 E - a +6 ring of strength
 F - a +4 ring of evasion
 K - an uncursed ring of fire {unknown}
 L - the ring "Axapten" {*Corrode +Fly rF+ SInv Stlth-, unknown}
   (You found it in the Dungeon)

   [ring of protection from fire]

   It protects you from fire.
   It lets you see invisible.
   It lets you fly.
   It may corrode you when you take damage.
   It makes you less stealthy.
 O - the ring "Asiteuxuir" {+Blink SInv}
   (You found it in the Dungeon)

   [ring of see invisible]

   It lets you see invisible.
   It lets you blink.
 P - the amulet "Unnitz" {RegenMP Int+4}
   (You found it in the Dungeon)

   [amulet of magic regeneration]

   It increases your magic regeneration.
   It affects your intelligence (+4).
 Q - the ring "Idymil" {rElec rPois MR+ Slay+3}
   (You found it in the Dungeon)

   [ring of slaying]

   It affects your accuracy and damage with ranged weapons and melee attacks
   (+3).
   It insulates you from electricity.
   It protects you from poison.
   It affects your resistance to hostile enchantments.
 R - the ring "Tipuplel" {rElec rF+ Slay+3}
   (You found it in the Dungeon)

   [ring of slaying]

   It affects your accuracy and damage with ranged weapons and melee attacks
   (+3).
   It protects you from fire.
   It insulates you from electricity.
 S - the amulet "Qeitwumn" {Harm *Drain Str+3 Stlth+}
   (You found it in the Dungeon)

   [amulet of harm]

   It increases damage dealt and taken.
   It affects your strength (+3).
   It causes draining when unequipped.
   It makes you more stealthy.
Wands
 l - a wand of lightning (3/15)
 r - a wand of paralysis (13/24)
 I - a wand of paralysis (5/24)
 T - a wand of hasting (5/9)
Scrolls
 h - 3 scrolls of blinking
 j - 3 scrolls of remove curse
 k - 3 scrolls of amnesia
 t - 5 scrolls of fog
 u - 3 scrolls of identify
 z - 3 scrolls of recharging
 H - 4 scrolls of fear
Potions
 a - 6 potions of might
 c - a potion of mutation {unknown}
 d - 18 potions of heal wounds
 e - 5 potions of haste
 f - 4 potions of magic
 g - 4 potions of berserk rage
 i - a potion of invisibility
 o - a potion of resistance
 p - 2 potions of cure mutation
 q - 4 potions of agility
 G - 2 potions of brilliance
 J - 2 potions of curing
 M - a potion of cancellation {unknown}
Books
 N - the Grimoire of the Frostbite
   (You bought it in a shop in the Dungeon)

   Spells                             Type                      Level
   a - Throw Frost                    Conjuration/Ice              2
   b - Ensorcelled Hibernation        Hexes/Ice                    2
   c - Throw Icicle                   Conjuration/Ice              4
   d - Metabolic Englaciation         Hexes/Ice                    5
   e - Freezing Cloud                 Conjuration/Ice/Air          6
Comestibles
 b - 9 meat rations
 s - a royal jelly


   Skills:
 + Level 10.2 Fighting
 + Level 20.6 Dodging
 + Level 26.8 Stealth
 O Level 27 Unarmed Combat
 * Level 9.7 Spellcasting
 * Level 14.4 Hexes
 + Level 3.4 Evocations


You had 27 spell levels left.
You knew the following spells:

 Your Spells              Type           Power        Failure   Level  Hunger
a - Ensorcelled Hibernat  Hex/Ice        ###...       1%          2    #......
b - Throw Frost           Conj/Ice       #.....       24%         2    #......


Dungeon Overview and Level Annotations

Branches:
Dungeon (1/1)

Altars:
Cheibriados
Dithmenos
Elyvilon
Fedhas
Gozag
Hepliaklqana
Kikubaaqudgha
Makhleb
Nemelex Xobeh
Okawaru
Qazlal
Ru
Sif Muna
Trog
Uskayaw
Vehumet
Xom
Yredelemnul
Zin
The Shining One
Beogh
Jiyva
Lugonu

Shops:
D ?*!!!:

Annotations:
D Royal Jelly


Innate Abilities, Weirdness & Mutations

You cannot wear armour.
You are incapable of wielding weapons or throwing items.
Your paws allow you to move quietly. (Stealth)
You have sharp claws.
You have razor-sharp teeth.
You have supernaturally acute eyesight. (SInv)
You are carnivorous and can eat meat at any time.
You cover ground quickly.
Your thick and shaggy fur keeps you warm. (AC +3, rC+)
You have a slow metabolism.
Your sharp claws are effective at attacking unaware monsters.
You are weak. (Str -2)


Message History

The acid blob quivers.
An acid blob comes into view.
You see here 63 gold pieces.
The helpless azure jelly fails to defend itself.
You eviscerate the azure jelly!!!!!!
You kill the azure jelly!
The Royal Jelly comes into view.
The acid blob spits acid at you. The splash of acid hits you!
You are splashed with acid!
The acid burns!
Your deep elf blademaster says, "equalderp2856, I like you."
The acid blob quivers.
Found a slimy rune of Zot.
You see here 36 gold pieces.
You swap places.
The acid blob hits your orb of fire!!
Your orb of fire is splashed with acid.
The acid corrodes your orb of fire!
Your orb of fire glows red.
The bolt of fire hits you!
Ouch! That really hurt!
You die...
Your body crumbles into a pile of gold.

'▓.▓[▓.▓.▓.▓[▓.▓)▓,*,*,*,*
.▓.▓.▓.▓)▓.▓.▓.▓÷▓,*,*,*,*
(▓.▓.▓.▓)▓.▓.▓.▓)▓,*,*,*,*
)▓.▓.▓.▓)▓.▓*▓.▓e▓,*+*,*,*
)▓.▓.▓.▓)▓.▓*▓.▓)▓,*,*,*,*
(▓.▓.▓.▓)▓.▓.▓.▓e▓,*,*,*,*
)▓.▓.▓.▓)▓.▓.▓.▓e▓,*,*,*,*
(▓.▓§▓)▓)▓.▓.▓.▓*▓,*,*,*+*
)▓.▓.▓.▓)▓.▓.▓.▓@▓,*,*,*,*
)▓.▓.▓.▓.▓.▓.▓.▓*▓,*,*,*+*
.▓.▓.▓.▓.▓.▓.▓.▓J▓,*,*,*,*
.▓.▓R▓.▓q▓.▓)▓.▓J▓,*,*,*,*
)▓.▓.▓.▓.▓.▓.▓.▓J▓,*,*,*,*
.▓.▓.▓.▓.▓.▓.▓.▓J▓,*+*,*,*
.▓∩▓.▓.▓.▓.▓*▓.▓J▓,*,*,*,*
.▓.▓.▓.▓.▓.▓.▓.▓J▓,*,*,*,*
)▓∩▓.▓.▓[▓.▓.▓.▓J▓,*,*,*,*


You could see 5 acid blobs, an azure jelly (sleeping), 2 friendly orbs of fire,
2 friendly deep elf blademasters and a friendly deep elf death mage.

Vanquished Creatures
  An orb of fire (D)
  3 Orb Guardians (D)
  2 acid blobs (D)
  An azure jelly (D)
  An emperor scorpion (D)
  A draconian annihilator (D)
  A white draconian (D)
  2 mottled draconians (D)
  A fire dragon (D)
  An ice dragon (D)
  3 hydras (D)
  3 vault guards (D)
  A centaur warrior (D)
  An orc high priest (D)
  A tengu warrior (D)
  Nergalle (D)
  A yaktaur (D)
  9 orc knights (D)
  2 swamp dragons (D)
  2 ugly things (D)
  An orb spider (D)
  2 deep elf magi (D)
  A moth of wrath (D)
  A wolf spider (D)
  2 black mambas (D)
  5 spiny frogs (D)
  A gargoyle (D)
  A tengu conjurer (D)
  A snapping turtle (D)
  A tyrant leech (D)
  4 jumping spiders (D)
  A slime creature (D)
  3 polar bears (D)
  2 blink frogs (D)
  A merfolk (D)
  3 hippogriffs (D)
  A tarantella (D)
  A basilisk (D)
  A wyvern (D)
  A basilisk (shapeshifter) (D)
  2 yaks (D)
  A water moccasin (D)
  A porcupine (D)
  5 black bears (D)
  17 orc warriors (D)
  2 ogres (D)
  A boggart (D)
  A wolf (D)
  A centaur (D)
  A big kobold (shapeshifter) (D)
  A big kobold (D)
  2 bullfrogs (D)
  A howler monkey (D)
  A crimson imp (D)
  4 orc priests (D)
  3 orc wizards (D)
  A worker ant (D)
  An adder zombie (D)
  An adder skeleton (D)
  A dart slug (D)
  7 orcs (D)
  2 bats (D)
  A bat skeleton (D)
  A bat zombie (D)
  A hobgoblin (D)
  A jackal skeleton (D)
  A jackal zombie (D)
  A kobold (D)
135 creatures vanquished.

Vanquished Creatures (collateral kills)
  2 ancient liches (D)
  Frederick (D)
  Xtahua (D)
  A curse toe (D)
  5 golden dragons (D)
  An electric golem (D)
  2 liches (D)
  A tentacled monstrosity (D)
  10 Orb Guardians (D)
  A quicksilver dragon (D)
  A death cob (D)
  A storm dragon (D)
  7 shadow dragons (D)
  A draconian monk (D)
  2 deep elf sorcerers (D)
  Louise (D)
  A draconian scorcher (D)
  2 ghost moths (D)
  4 emperor scorpions (D)
  2 draconian zealots (D)
  A draconian shifter (D)
  A draconian annihilator (D)
  2 draconian callers (D)
  A very ugly thing (D)
  6 vampire knights (D)
  A mottled draconian (D)
  A white draconian (D)
  3 merfolk impalers (D)
  Snorg (D)
  A merfolk javelineer (D)
  2 fire dragons (D)
  3 deep elf death magi (D)
  A deep elf knight (D)
  3 ice dragons (D)
  A deep elf high priest (D)
  9 hydras (D)
  12 vault guards (D)
  A rakshasa (D)
  5 moths of wrath (D)
  An orc knight (D)
  A harpy (D)
  A harpy (shapeshifter) (D)
  2 swamp dragons (D)
  2 ironbrand convokers (D)
  3 wolf spiders (D)
  A guardian serpent (D)
  2 jumping spiders (D)
  A troll (shapeshifter) (D)
  2 hornets (D)
  A tyrant leech (D)
  A snapping turtle (D)
  8 spriggans (D)
  A vampire mosquito (D)
  An insubstantial wisp (D)
  3 nagas (D)
  A boggart (D)
134 creatures vanquished.

Vanquished Creatures (others)
  2 ancient liches (D)
  Mara (D)
  Mennas (D)
  A juggernaut (D)
  Sojobo (D)
  A greater mummy (D)
  A Killer Klown (D)
  Nikola (D)
  3 golden dragons (D)
  2 bone dragons (D)
  Rupert (D)
  An electric golem (D)
  A tentacled monstrosity (D)
  13 Orb Guardians (D)
  3 liches (D)
  2 death cobs (D)
  A storm dragon (D)
  A draconian monk (D)
  5 nagarajas (D)
  A shadow dragon (D)
  3 tengu reavers (D)
  Ilsuiw (D)
  A fire giant (D)
  A frost giant (D)
  A ghost moth (D)
  An emperor scorpion (D)
  A deep elf sorcerer (D)
  2 vault wardens (D)
  2 draconian shifters (D)
  A draconian zealot (D)
  2 stone giants (D)
  2 entropy weavers (D)
  A mottled draconian (D)
  Nessos (D)
  A draconian caller (D)
  A red draconian (D)
  4 green draconians (D)
  4 deep elf demonologists (D)
  3 black draconians (D)
  2 white draconians (D)
  3 merfolk javelineers (D)
  2 ettins (D)
  A fire dragon (D)
  3 merfolk impalers (D)
  2 ogre magi (D)
  3 yaktaur captains (D)
  10 vault guards (D)
  2 great orbs of eyes (D)
  A naga warrior (D)
  3 merfolk aquamancers (D)
  A centaur warrior (D)
  A death knight (D)
  2 deep troll shamans (D)
  2 deep troll earth magi (D)
  A vampire mage (D)
  A spriggan berserker (D)
  A tengu warrior (D)
  2 orc knights (D)
  A spriggan druid (D)
  A naga ritualist (D)
  An unseen horror (shapeshifter) (D)
  A salamander (D)
  A shambling mangrove (D)
  3 ironbrand convokers (D)
  A harpy (D)
  A wolf spider (D)
  A necromancer (D)
  A siren (D)
  4 moths of wrath (D)
  A black mamba (D)
  A water nymph (D)
  2 guardian serpents (D)
  2 vault sentinels (D)
  4 naga magi (D)
  2 yaktaurs (D)
  2 tengu conjurers (D)
  3 merfolk (D)
  A hornet (D)
  A slime creature (D)
  4 spriggans (D)
  3 nagas (D)
161 creatures vanquished.

Grand Total: 430 creatures vanquished

Notes
Turn   | Place    | Note
-------+----------+-------------------------------------------
     0 | D        | equalderp2856 the Felid Fighter began the quest for the Orb.
     0 | D        | Reached XP level 1. HP: 10/10 MP: 2/2
    39 | D        | Noticed a howler monkey
    45 | D        | Reached XP level 2. HP: 11/14 MP: 3/3
    48 | D        | Reached skill level 5 in Dodging
    48 | D        | Reached skill level 5 in Unarmed Combat
    51 | D        | Killed a howler monkey
    51 | D        | Reached skill level 6 in Unarmed Combat
    51 | D        | Reached XP level 3. HP: 9/18 MP: 4/4
   290 | D        | Found a roughly hewn altar of Beogh.
   290 | D        | Found a snail-covered altar of Cheibriados.
   290 | D        | Found a shadowy altar of Dithmenos.
   290 | D        | Found a white marble altar of Elyvilon.
   290 | D        | Found a blossoming altar of Fedhas.
   290 | D        | Found an opulent altar of Gozag.
   291 | D        | Found a hazy altar of Hepliaklqana.
   292 | D        | Found a viscous altar of Jiyva.
   293 | D        | Found an ancient bone altar of Kikubaaqudgha.
   294 | D        | Found a corrupted altar of Lugonu.
   295 | D        | Found a burning altar of Makhleb.
   296 | D        | Found a sparkling altar of Nemelex Xobeh.
   297 | D        | Found an iron altar of Okawaru.
   298 | D        | Found a stormy altar of Qazlal.
   299 | D        | Found a sacrificial altar of Ru.
   300 | D        | Found a deep blue altar of Sif Muna.
   301 | D        | Found a bloodstained altar of Trog.
   302 | D        | Found a hide-covered altar of Uskayaw.
   303 | D        | Found a radiant altar of Vehumet.
   304 | D        | Found a shimmering altar of Xom.
   305 | D        | Found a basalt altar of Yredelemnul.
   306 | D        | Found a glowing silver altar of Zin.
   307 | D        | Found a glowing golden altar of the Shining One.
   324 | D        | Became a worshipper of Gozag Ym Sagoz the Greedy
   361 | D        | Noticed an ogre
   361 | D        | Noticed a bullfrog
   361 | D        | Noticed a wyvern
   366 | D        | Killed an ogre
   366 | D        | Reached skill level 5 in Fighting
   366 | D        | Reached skill level 8 in Unarmed Combat
   366 | D        | Reached XP level 4. HP: 23/23 MP: 5/5
   366 | D        | Reached XP level 5. HP: 26/26 MP: 6/6
   375 | D        | Reached skill level 1 in Stealth
   375 | D        | Reached skill level 10 in Unarmed Combat
   386 | D        | Killed a wyvern
   386 | D        | Reached skill level 11 in Unarmed Combat
   386 | D        | Gained mutation: You are covered in thick fur. (AC +2) [Felid growth]
   386 | D        | Reached XP level 6. HP: 30/31 MP: 7/7
   399 | D        | Noticed a deep elf mage
   399 | D        | Noticed a hippogriff
   399 | D        | Noticed a four-headed hydra
   405 | D        | Killed a deep elf mage
   405 | D        | Reached skill level 10 in Dodging
   405 | D        | Reached skill level 13 in Unarmed Combat
   405 | D        | Reached XP level 7. HP: 33/36 MP: 8/8
   417 | D        | Killed a hippogriff
   417 | D        | Reached skill level 14 in Unarmed Combat
   417 | D        | Reached XP level 8. HP: 33/40 MP: 9/9
   429 | D        | Slain by a four-headed hydra
   430 | D        | Reached XP level 7. HP: -4/36 MP: 8/8
   455 | D        | Noticed a polar bear
   456 | D        | Noticed a polar bear
   457 | D        | Noticed a polar bear
   465 | D        | Killed a polar bear
   472 | D        | Killed a polar bear
   620 | D        | Reached skill level 15 in Unarmed Combat
   620 | D        | Reached XP level 8. HP: 38/40 MP: 9/9
   715 | D        | Killed a polar bear
   715 | D        | Reached skill level 16 in Unarmed Combat
   847 | D        | Noticed a hippogriff
   847 | D        | Noticed a spiny frog
   847 | D        | Noticed an eight-headed hydra
   847 | D        | Noticed a black mamba
   849 | D        | Killed a black mamba
   961 | D        | Reached skill level 1 in Evocations
   973 | D        | HP: 2/40 [orc priest/divine providence (12)]
  1165 | D        | Reached XP level 9. HP: 27/43 MP: 10/10
  1589 | D        | Noticed an orc high priest
  1589 | D        | Noticed an orc knight
  1594 | D        | Noticed a soul eater
  1594 | D        | Killed an orc high priest
  1594 | D        | Reached skill level 5 in Stealth
  1594 | D        | Reached skill level 17 in Unarmed Combat
  2139 | D        | Killed an orc knight
  2139 | D        | Reached skill level 18 in Unarmed Combat
  2445 | D        | Reached XP level 10. HP: 21/48 MP: 12/12
  2776 | D        | Found Achepp's Magic Scroll Emporium.
  2776 | D        | Noticed an orc knight
  2776 | D        | Noticed an orc knight
  2782 | D        | Noticed an orc knight
  3203 | D        | Slain by an orc knight
  3204 | D        | Reached XP level 9. HP: -4/44 MP: 11/11
  3563 | D        | Killed a four-headed hydra
  3786 | D        | Noticed a spiny frog
  3786 | D        | Noticed a spiny frog
  3786 | D        | Noticed a five-headed hydra
  3788 | D        | Killed a spiny frog
  3788 | D        | Reached skill level 19 in Unarmed Combat
  3789 | D        | Noticed a spiny frog
  3792 | D        | Killed a five-headed hydra
  3792 | D        | Reached skill level 10 in Stealth
  3792 | D        | Reached XP level 10. HP: 49/49 MP: 12/12
  3793 | D        | Noticed a black mamba
  3800 | D        | Killed a spiny frog
  3802 | D        | Reached skill level 15 in Dodging
  3812 | D        | Killed a spiny frog
  3816 | D        | Killed a black mamba
  3816 | D        | Reached skill level 20 in Unarmed Combat
  3965 | D        | Noticed a spiny frog
  3978 | D        | Killed a spiny frog
  4046 | D        | Killed an eight-headed hydra
  4063 | D        | Killed a spiny frog
  4152 | D        | Killed an orc knight
  4152 | D        | Reached skill level 21 in Unarmed Combat
  4172 | D        | Reached XP level 11. HP: 52/52 MP: 14/14
  4211 | D        | Killed an orc knight
  4221 | D        | Killed an orc knight
  4244 | D        | Noticed an orc knight
  4256 | D        | Killed an orc knight
  4337 | D        | Found Qusuod's General Store.
  4341 | D        | Found Kual's Distillery.
  4345 | D        | Found Eteczenyots's Distillery.
  4350 | D        | Noticed an orc knight
  4351 | D        | Noticed an orc knight
  4538 | D        | Killed an orc knight
  4617 | D        | Killed an orc knight
  4712 | D        | Bought a scroll of magic mapping for 42 gold pieces
  4714 | D        | Bought a potion of heal wounds for 50 gold pieces
  4714 | D        | Bought a potion of curing for 30 gold pieces
  4716 | D        | Bought a potion of curing for 30 gold pieces
  4716 | D        | Bought a potion of heal wounds for 50 gold pieces
  4716 | D        | Bought a potion of heal wounds for 50 gold pieces
  4854 | D        | Noticed a centaur warrior
  4854 | D        | Noticed a deep elf mage
  4854 | D        | Noticed an orc knight
  4855 | D        | Killed a centaur warrior
  4855 | D        | Reached skill level 22 in Unarmed Combat
  4868 | D        | Killed a deep elf mage
  4882 | D        | Killed an orc knight
  5141 | D        | Noticed a tengu warrior
  5148 | D        | Killed a tengu warrior
  5222 | D        | Noticed a white very ugly thing
  5581 | D        | Mangled by a white very ugly thing
  5582 | D        | Reached XP level 10. HP: -9/49 MP: 13/13
  5638 | D        | Noticed Rupert
  5804 | D        | Noticed a centaur warrior
  5985 | D        | Killed a centaur warrior
  6046 | D        | Killed Rupert
  6184 | D        | Noticed a naga mage
  6184 | D        | Noticed a naga mage
  6184 | D        | Noticed a nagaraja
  6184 | D        | Noticed a black mamba
  6187 | D        | Noticed a naga ritualist
  6187 | D        | Killed a black mamba
  6191 | D        | Killed a naga mage
  6196 | D        | Killed a naga ritualist
  6197 | D        | Noticed a salamander
  6199 | D        | Noticed a naga mage
  6206 | D        | Killed a naga mage
  6223 | D        | Noticed a merfolk impaler
  6223 | D        | Noticed a water nymph
  6224 | D        | Noticed a siren
  6232 | D        | Killed a water nymph
  6241 | D        | Noticed a merfolk aquamancer
  6255 | D        | Killed a merfolk aquamancer
  6291 | D        | Killed a naga mage
  6431 | D        | Noticed a swamp dragon
  6431 | D        | Noticed a spriggan rider
  6431 | D        | Noticed a cyan ugly thing
  6433 | D        | Reached skill level 23 in Unarmed Combat
  6435 | D        | Noticed a spriggan druid
  6439 | D        | Killed a swamp dragon
  6439 | D        | Reached XP level 11. HP: 52/52 MP: 14/14
  6440 | D        | Killed a spriggan druid
  6443 | D        | Noticed a shambling mangrove
  6454 | D        | Killed a cyan ugly thing
  6482 | D        | Killed a nagaraja
  6486 | D        | Noticed a wolf spider
  6486 | D        | Noticed an orb spider
  6486 | D        | Noticed a wolf spider
  6487 | D        | Noticed a wolf spider
  6522 | D        | Killed a wolf spider
  6597 | D        | Killed a wolf spider
  6603 | D        | Killed a salamander
  6658 | D        | Killed an orb spider
  6690 | D        | Killed a wolf spider
  6771 | D        | Noticed Nergalle
  6778 | D        | Killed Nergalle
  6855 | D        | Noticed a deep troll earth mage
  6855 | D        | Noticed an ettin
  6855 | D        | Noticed a spriggan berserker
  6855 | D        | Noticed a deep troll shaman
  6855 | D        | Noticed a stone giant
  6858 | D        | Noticed a death yak
  6859 | D        | Killed a fire dragon
  6861 | D        | Killed a harpy
  6863 | D        | Killed an ettin
  6867 | D        | Killed a spriggan berserker
  6869 | D        | Noticed a yaktaur
  6870 | D        | Noticed a tengu warrior
  6871 | D        | Noticed a fire dragon
  6872 | D        | Noticed a stone giant
  6874 | D        | Killed a deep troll shaman
  6875 | D        | Noticed a great orb of eyes
  6877 | D        | Killed a yaktaur
  6877 | D        | Reached skill level 15 in Stealth
  6878 | D        | Noticed a lich
  6879 | D        | Killed a great orb of eyes
  6881 | D        | Killed a tengu warrior
  6885 | D        | Killed a stone giant
  6893 | D        | Killed a fire dragon
  6902 | D        | Noticed a fire dragon
  6907 | D        | Noticed a yaktaur captain
  6915 | D        | Killed a fire dragon
  6915 | D        | Reached skill level 24 in Unarmed Combat
  6926 | D        | Killed a vampire mage
  6932 | D        | Killed a rakshasa
  7034 | D        | Noticed an ogre mage
  7034 | D        | Noticed a white ugly thing
  7034 | D        | Noticed a vault warden
  7038 | D        | Noticed an entropy weaver
  7043 | D        | Killed an ironbrand convoker
  7044 | D        | Killed a white ugly thing
  7048 | D        | Noticed a death knight
  7050 | D        | Noticed a great orb of eyes
  7056 | D        | Noticed an ironbrand convoker
  7057 | D        | Noticed a yaktaur captain
  7059 | D        | Noticed a death knight
  7060 | D        | Noticed an unseen horror
  7061 | D        | Noticed an orc knight
  7061 | D        | Killed a death knight
  7061 | D        | Killed an ironbrand convoker
  7063 | D        | Noticed an ironbrand convoker
  7065 | D        | Noticed an ogre mage
  7066 | D        | Killed an unseen horror
  7071 | D        | Killed a yaktaur captain
  7077 | D        | Killed an orc knight
  7183 | D        | Noticed Mara
  7324 | D        | Noticed Mennas
  7635 | D        | Killed a vault warden
  7685 | D        | Noticed a five-headed hydra
  7685 | D        | Noticed an eight-headed hydra
  7685 | D        | Noticed an eight-headed hydra
  7685 | D        | Noticed a six-headed hydra
  7685 | D        | Noticed a swamp dragon
  7685 | D        | Noticed a five-headed hydra
  7687 | D        | Killed an entropy weaver
  7689 | D        | Killed a five-headed hydra
  7691 | D        | Killed an eight-headed hydra
  7691 | D        | Gained mutation: Your thick and shaggy fur keeps you warm. (AC +3, rC+) [Felid growth]
  7691 | D        | Reached XP level 12. HP: 31/57 MP: 15/15
  7693 | D        | Killed an eight-headed hydra
  7695 | D        | Killed a six-headed hydra
  7700 | D        | Killed a five-headed hydra
  7701 | D        | Noticed a four-headed hydra
  7702 | D        | Noticed a seven-headed hydra
  7703 | D        | Killed a four-headed hydra
  7704 | D        | Noticed a four-headed hydra
  7705 | D        | Killed a seven-headed hydra
  7707 | D        | Killed a four-headed hydra
  7710 | D        | Noticed a four-headed hydra
  7717 | D        | Killed a four-headed hydra
  8101 | D        | Killed a deep troll earth mage
  8396 | D        | Got a decaying rune of Zot
  8403 | D        | Noticed a nagaraja
  8404 | D        | Noticed a nagaraja
  8406 | D        | Noticed a nagaraja
  8409 | D        | Noticed a naga warrior
  8416 | D        | Noticed a nagaraja
  8419 | D        | Got a serpentine rune of Zot
  8455 | D        | Noticed a merfolk impaler
  8455 | D        | Noticed a merfolk impaler
  8455 | D        | Noticed a merfolk javelineer
  8455 | D        | Noticed a merfolk javelineer
  8455 | D        | Noticed a merfolk javelineer
  8461 | D        | Killed a merfolk impaler
  8461 | D        | Reached skill level 25 in Unarmed Combat
  8465 | D        | Noticed Ilsuiw
  8466 | D        | Noticed a merfolk javelineer
  8467 | D        | Noticed a merfolk aquamancer
  8468 | D        | Noticed a merfolk aquamancer
  8470 | D        | Noticed a merfolk impaler
  8472 | D        | Killed a merfolk javelineer
  8474 | D        | Noticed a merfolk impaler
  8476 | D        | Noticed a merfolk impaler
  8480 | D        | Killed a merfolk impaler
  8483 | D        | Got a barnacled rune of Zot
  8514 | D        | Noticed an emperor scorpion
  8514 | D        | Noticed an emperor scorpion
  8514 | D        | Noticed an emperor scorpion
  8514 | D        | Noticed an emperor scorpion
  8515 | D        | Noticed a ghost moth
  8516 | D        | Killed an emperor scorpion
  8520 | D        | Killed a merfolk aquamancer
  8539 | D        | Killed Ilsuiw
  8550 | D        | Killed an emperor scorpion
  8558 | D        | Killed a merfolk javelineer
  8568 | D        | Killed a merfolk javelineer
  8580 | D        | Killed a nagaraja
  8592 | D        | Killed an emperor scorpion
  8598 | D        | Killed a nagaraja
  8608 | D        | Killed a ghost moth
  8609 | D        | Killed an emperor scorpion
  8636 | D        | Noticed an emperor scorpion
  8657 | D        | Killed an emperor scorpion
  8664 | D        | Noticed an emperor scorpion
  8676 | D        | Killed an emperor scorpion
  8682 | D        | Got a gossamer rune of Zot
  8756 | D        | Noticed Snorg
  8767 | D        | Killed Snorg
  8949 | D        | Noticed a vault guard
  8949 | D        | Noticed a vault guard
  8949 | D        | Noticed a vault guard
  8949 | D        | Noticed a vault guard
  8949 | D        | Noticed a vault guard
  8949 | D        | Noticed a vault guard
  8953 | D        | Killed a vault guard
  8956 | D        | Killed a vault guard
  8958 | D        | Killed a vault guard
  8959 | D        | Killed a vault guard
  8960 | D        | Noticed a vault guard
  8960 | D        | Killed a vault guard
  8962 | D        | Noticed a vault guard
  8963 | D        | Noticed a vault guard
  8968 | D        | Killed a vault guard
  8972 | D        | Killed a vault guard
  8977 | D        | Noticed a vault guard
  8980 | D        | Noticed a vault guard
  8982 | D        | Noticed a vault guard
  8983 | D        | Noticed a vault guard
  8985 | D        | Noticed a vault guard
  8986 | D        | Noticed a vault guard
  8987 | D        | Noticed a vault guard
  8988 | D        | Noticed a vault guard
  8988 | D        | Killed a vault guard
  8989 | D        | Noticed a vault guard
  8990 | D        | Noticed a vault guard
  8991 | D        | Noticed a vault guard
  8992 | D        | Noticed a vault guard
  8994 | D        | Killed a vault guard
  8997 | D        | Noticed a vault guard
  8998 | D        | Noticed a vault guard
  8999 | D        | Noticed a vault guard
  9002 | D        | Killed a vault guard
  9007 | D        | Killed a vault guard
  9008 | D        | Killed a vault guard
  9009 | D        | Killed a vault guard
  9012 | D        | Killed a vault guard
  9014 | D        | Killed a vault guard
  9017 | D        | Killed a vault guard
  9026 | D        | Killed a vault guard
  9038 | D        | Killed a vault guard
  9049 | D        | Reached XP level 13. HP: 50/60 MP: 16/16
  9283 | D        | Noticed a lich
  9283 | D        | Noticed a vault warden
  9285 | D        | Noticed an entropy weaver
  9288 | D        | Noticed an ettin
  9289 | D        | Killed an ettin
  9292 | D        | Killed an entropy weaver
  9299 | D        | Noticed a shadow dragon
  9310 | D        | Reached skill level 26 in Unarmed Combat
  9311 | D        | Noticed a fire giant
  9318 | D        | Noticed a greater mummy
  9320 | D        | Killed a shadow dragon
  9338 | D        | Noticed a shadow dragon
  9362 | D        | Killed a shadow dragon
  9740 | D        | Noticed a shadow dragon
  9740 | D        | Noticed a golden dragon
  9740 | D        | Noticed a lich
  9740 | D        | Noticed a shadow dragon
  9740 | D        | Noticed a shadow dragon
  9746 | D        | Killed a fire giant
  9748 | D        | Killed a lich
  9758 | D        | Killed a shadow dragon
  9770 | D        | Killed a golden dragon
  9775 | D        | Killed a shadow dragon
 10905 | D        | Killed a white very ugly thing
 11650 | D        | Killed a shadow dragon
 12007 | D        | Noticed an ancient lich
 12047 | D        | Noticed a shadow dragon
 12072 | D        | Killed a shadow dragon
 12121 | D        | Got a silver rune of Zot
 12123 | D        | Got a wavering jade ring
 12165 | D        | Noticed Nikola
 12173 | D        | Noticed Xtahua
 12183 | D        | Your ally died
 12184 | D        | Killed Xtahua
 12486 | D        | Bought a potion of heal wounds for 60 gold pieces
 12486 | D        | Bought a potion of might for 48 gold pieces
 12486 | D        | Bought 2 potions of heal wounds for 120 gold pieces
 12486 | D        | Bought a potion of heal wounds for 60 gold pieces
 12486 | D        | Bought a potion of haste for 120 gold pieces
 12486 | D        | Bought a potion of agility for 48 gold pieces
 12486 | D        | Bought a potion of curing for 36 gold pieces
 12488 | D        | Bought the Grimoire of the Frostbite for 704 gold pieces
 12495 | D        | Learned a level 2 spell: Ensorcelled Hibernation
 12498 | D        | Learned a level 2 spell: Throw Frost
 12622 | D        | Got the ring "Asiteuxuir" {+Blink SInv}
 12624 | D        | Got the amulet "Unnitz" {RegenMP Int+4}
 12626 | D        | Got the ring "Idymil" {rElec rPois MR+ Slay+3}
 12628 | D        | Got the ring "Tipuplel" {rElec rF+ Slay+3}
 12630 | D        | Got the amulet "Qeitwumn" {Harm *Drain Str+3 Stlth+}
 12718 | D        | Noticed Louise
 12757 | D        | Killed Louise
 12757 | D        | Reached skill level 1 in Spellcasting
 12761 | D        | Noticed Nessos
 12775 | D        | Noticed Frederick
 12776 | D        | Noticed a tengu reaver
 12777 | D        | Noticed a tengu reaver
 12778 | D        | Noticed Sojobo
 12841 | D        | Noticed a storm dragon
 12841 | D        | Noticed a juggernaut
 12843 | D        | Noticed a tengu reaver
 12845 | D        | Noticed a frost giant
 12845 | D        | Killed a storm dragon
 12855 | D        | Killed a green draconian
 12855 | D        | Killed a frost giant
 12861 | D        | Killed a tengu reaver
 12871 | D        | Killed a bone dragon
 12891 | D        | Killed a juggernaut
 12905 | D        | Killed a green draconian
 12913 | D        | Killed a tengu reaver
 12939 | D        | Killed a green draconian
 12939 | D        | Killed a black draconian
 12939 | D        | Killed a bone dragon
 12941 | D        | Killed Sojobo
 12994 | D        | Killed Nessos
 13107 | D        | Noticed a golden dragon
 13110 | D        | Noticed a fire dragon
 13117 | D        | Killed a tengu reaver
 13140 | D        | Killed a fire dragon
 13140 | D        | Killed a golden dragon
 13155 | D        | Noticed a white draconian
 13155 | D        | Killed a white draconian
 13178 | D        | Noticed a mottled draconian
 13189 | D        | Noticed a mottled draconian
 13243 | D        | Noticed a green draconian caller
 13243 | D        | Noticed a tentacled monstrosity
 13243 | D        | Noticed a white draconian
 13243 | D        | Noticed a curse toe
 13243 | D        | Noticed a ghost moth
 13243 | D        | Noticed a black draconian monk
 13245 | D        | Killed a ghost moth
 13253 | D        | Noticed a quicksilver dragon
 13253 | D        | Killed a tentacled monstrosity
 13255 | D        | Killed a quicksilver dragon
 13255 | D        | Reached skill level 5 in Hexes
 13295 | D        | Noticed a death cob
 13295 | D        | Noticed a mottled draconian
 13295 | D        | Noticed a mottled draconian
 13298 | D        | Reached skill level 27 in Unarmed Combat
 13301 | D        | Noticed a black draconian zealot
 13303 | D        | Noticed a yellow draconian zealot
 13303 | D        | Killed a curse toe
 13307 | D        | Killed a black draconian zealot
 13309 | D        | Killed a mottled draconian
 13311 | D        | Killed Frederick
 13312 | D        | Killed a mottled draconian
 13318 | D        | Killed a mottled draconian
 13524 | D        | Noticed a death cob
 13524 | D        | Noticed a golden dragon
 13524 | D        | Noticed a white draconian annihilator
 13524 | D        | Noticed a shadow dragon
 13524 | D        | Noticed a purple draconian scorcher
 13524 | D        | Noticed a white draconian shifter
 13529 | D        | Killed a death cob
 13535 | D        | Killed a golden dragon
 13537 | D        | Noticed a black draconian annihilator
 13539 | D        | Killed a black draconian annihilator
 13539 | D        | Killed a white draconian annihilator
 13543 | D        | Killed a purple draconian scorcher
 13545 | D        | Killed a shadow dragon
 13545 | D        | Reached skill level 5 in Spellcasting
 13545 | D        | Reached XP level 14. HP: 63/65 MP: 20/22
 13546 | D        | Killed a white draconian shifter
 13547 | D        | Noticed a storm dragon
 13552 | D        | Killed a storm dragon
 13554 | D        | Noticed a green draconian caller
 13554 | D        | Killed a green draconian caller
 13815 | D        | Noticed a golden dragon
 13815 | D        | Noticed a yellow draconian knight
 13815 | D        | Noticed a green draconian shifter
 13823 | D        | Killed a golden dragon
 13823 | D        | Reached skill level 10 in Hexes
 13832 | D        | Killed a mottled draconian zealot
 14177 | D        | Noticed an Orb Guardian
 14177 | D        | Noticed an Orb Guardian
 14177 | D        | Noticed an Orb Guardian
 14177 | D        | Noticed an Orb Guardian
 14177 | D        | Noticed an Orb Guardian
 14177 | D        | Noticed an Orb Guardian
 14178 | D        | Noticed an Orb Guardian
 14179 | D        | Killed an Orb Guardian
 14181 | D        | Killed an Orb Guardian
 14182 | D        | Noticed an Orb Guardian
 14182 | D        | Killed an Orb Guardian
 14183 | D        | Noticed an Orb Guardian
 14187 | D        | Killed an Orb Guardian
 14299 | D        | Noticed a ghost moth
 14299 | D        | Noticed a green draconian caller
 14299 | D        | Noticed an Orb Guardian
 14299 | D        | Noticed an Orb Guardian
 14299 | D        | Noticed a death cob
 14300 | D        | Noticed an Orb Guardian
 14304 | D        | Killed a ghost moth
 14305 | D        | Noticed an Orb Guardian
 14305 | D        | Killed an Orb Guardian
 14315 | D        | Killed an Orb Guardian
 14387 | D        | Noticed an ancient lich
 14390 | D        | Noticed an orb of fire
 14395 | D        | Killed an Orb Guardian
 14398 | D        | Killed an Orb Guardian
 14403 | D        | Killed an Orb Guardian
 14404 | D        | Killed an Orb Guardian
 14410 | D        | Killed a green draconian caller
 14412 | D        | Killed an Orb Guardian
 14416 | D        | Killed an ancient lich
 14432 | D        | Noticed an electric golem
 14432 | D        | Killed an Orb Guardian
 14449 | D        | Your ally died
 14453 | D        | Killed an electric golem
 14552 | D        | Noticed a golden dragon
 14552 | D        | Noticed a mottled draconian monk
 14552 | D        | Noticed a golden dragon
 14552 | D        | Noticed a tentacled monstrosity
 14552 | D        | Noticed an orb of fire
 14552 | D        | Noticed an orb of fire
 14557 | D        | Killed a golden dragon
 14557 | D        | Reached skill level 10 in Fighting
 14557 | D        | Killed a mottled draconian monk
 14564 | D        | Killed a golden dragon
 14567 | D        | Noticed an orb of fire
 14569 | D        | Noticed an electric golem
 14588 | D        | Killed an ancient lich
 14595 | D        | Killed an electric golem
 14601 | D        | Noticed an ancient lich
 14603 | D        | Noticed a shadow dragon
 14605 | D        | Killed a red draconian shifter
 14607 | D        | Killed an ancient lich
 14609 | D        | Noticed a Killer Klown
 14610 | D        | Killed a shadow dragon
 14612 | D        | Gained mutation: You are weak. (Str -2) [an orb of fire]
 14612 | D        | Your ally died
 14616 | D        | Killed an orb of fire
 14616 | D        | Killed from afar by an orb of fire
 14617 | D        | Reached XP level 13. HP: -33/61 MP: 26/26
 14621 | D        | Killed a tentacled monstrosity
 14898 | D        | Noticed an Orb Guardian
 14898 | D        | Noticed an Orb Guardian
 14898 | D        | Noticed an Orb Guardian
 14898 | D        | Noticed an Orb Guardian
 14898 | D        | Noticed an Orb Guardian
 14898 | D        | Noticed an Orb Guardian
 14902 | D        | Noticed an Orb Guardian
 14905 | D        | Killed an Orb Guardian
 14911 | D        | Noticed an Orb Guardian
 14912 | D        | Noticed an Orb Guardian
 14915 | D        | Noticed an Orb Guardian
 14915 | D        | Noticed an Orb Guardian
 14915 | D        | Killed an Orb Guardian
 14918 | D        | Noticed an Orb Guardian
 14919 | D        | Killed an Orb Guardian
 14921 | D        | Killed an Orb Guardian
 14923 | D        | Killed an Orb Guardian
 14926 | D        | Killed an Orb Guardian
 14926 | D        | Killed an Orb Guardian
 14935 | D        | Killed an Orb Guardian
 14936 | D        | Killed an Orb Guardian
 15562 | D        | Noticed a vampire knight
 15562 | D        | Noticed a lich
 15562 | D        | Noticed a vampire knight
 15562 | D        | Noticed a vampire knight
 15562 | D        | Noticed a lich
 15562 | D        | Noticed a vampire knight
 15563 | D        | Noticed a vampire knight
 15564 | D        | Noticed an ancient lich
 15565 | D        | Noticed a vampire knight
 15566 | D        | Noticed a lich
 15567 | D        | Noticed a vampire knight
 15637 | D        | Noticed a deep elf death mage
 15637 | D        | Noticed a deep elf sorcerer
 15637 | D        | Noticed a deep elf blademaster
 15637 | D        | Noticed a deep elf death mage
 15637 | D        | Noticed a deep elf sorcerer
 15638 | D        | Noticed a deep elf blademaster
 15642 | D        | Killed a deep elf sorcerer
 15643 | D        | Noticed a deep elf death mage
 15647 | D        | Noticed a deep elf sorcerer
 15650 | D        | Noticed a deep elf death mage
 15654 | D        | Killed a vampire knight
 15655 | D        | Killed an ancient lich
 15657 | D        | Killed a deep elf death mage
 15657 | D        | Killed a vampire knight
 15662 | D        | Killed a deep elf death mage
 15665 | D        | Killed a deep elf death mage
 15667 | D        | Killed a deep elf demonologist
 15667 | D        | Killed a deep elf demonologist
 15673 | D        | Killed a deep elf sorcerer
 15673 | D        | Killed a deep elf demonologist
 15673 | D        | Killed a deep elf demonologist
 15675 | D        | Killed a ghostly deep elf death mage
 15678 | D        | Killed a ghostly deep elf sorcerer
 15689 | D        | Got an elven rune of Zot
 15695 | D        | Killed a lich
 15735 | D        | Killed a vampire knight
 15759 | D        | Killed a vampire knight
 15759 | D        | Killed a vampire knight
 15904 | D        | Noticed an acid blob
 15904 | D        | Noticed an acid blob
 15904 | D        | Noticed an azure jelly
 15904 | D        | Noticed an acid blob
 15904 | D        | Noticed an acid blob
 15904 | D        | Noticed an acid blob
 15905 | D        | Noticed an azure jelly
 15906 | D        | Killed an acid blob
 15907 | D        | Noticed an acid blob
 15908 | D        | Killed an acid blob
 15909 | D        | Noticed an acid blob
 15910 | D        | Killed an azure jelly
 15911 | D        | Noticed the Royal Jelly
 15912 | D        | Killed from afar by an orb of fire

Skill      XL: |  1  2  3  4  5  6  7  8  9 10 11 12 13 14 |
---------------+-------------------------------------------+-----
Dodging        | 6 7 9 10 12 13 14 15 17 18 19 20 | 20.6
Unarmed Combat | 6 8 11 13 15 16 19 23 24 25 27 | 27.0
Fighting       | 4 5 6 7 8 9 10 | 10.2
Stealth        | 1 2 4 10 11 16 19 26 25 | 26.8
Evocations     | 1 2 3 |  3.4
Spellcasting   | 9 8 |  9.7
Hexes          | 14 12 | 14.4

Action                   |  1- 3 |  4- 6 |  7- 9 | 10-12 | 13-15 || total
-------------------------+-------+-------+-------+-------+-------++-------
Melee: Unarmed           |    41 |    24 |   168 |   275 |    26 ||   534
       Bite              |     6 |     4 |    23 |    37 |     6 ||    76
       Punch             |     1 |       |    14 |    33 |     2 ||    50
Invok: Bribe Branch      |       |       |       |     2 |     7 ||     9
       Call Merchant     |       |       |       |       |     2 ||     2
Evoke: Wand              |       |       |     4 |     2 |       ||     6
  Use: Potion            |       |     1 |       |     9 |     2 ||    12
       Scroll            |       |       |       |       |     3 ||     3
 Stab: Distracted        |       |       |     5 |     7 |     6 ||    18
       Sleeping          |       |       |     1 |     4 |     3 ||     8
       Paralysed         |       |       |       |     2 |       ||     2
       Confused          |       |       |       |     1 |       ||     1
  Eat: Meat ration       |       |       |       |     3 |     1 ||     4
Armor: Skin              |       |     1 |     1 |       |     2 ||     4
Dodge: Dodged            |    37 |    18 |   133 |   153 |    61 ||   402
